 Dungeon Crawl Stone Soup version 0.23.2-40-g277498a001 (webtiles) character file.

Game seed: 5669463639434293313

156 Exodus22XD the Shield-Bearer (level 5, -1/47 HPs)
             Began as a Minotaur Fighter on Aug 31, 2019.
             Slain by EtherCrawl's ghost (8 damage)
             ... on level 3 of the Dungeon.
             The game lasted 00:02:37 (1078 turns).

Exodus22XD the Shield-Bearer (Minotaur Fighter)     Turns: 1078, Time: 00:02:37

Health: -1/47      AC:  9    Str: 22      XL:     5   Next: 14%
Magic:  0/4        EV:  6    Int:  5      God:
Gold:   116        SH:  9    Dex:  8 (9)  Spells: 4/4 levels left

rFire    . . .     SeeInvis .   a - +0 war axe
rCold    . . .     Gourm    .   c - +0 shield
rNeg     . . .     Faith    .   l - +0 chain mail
rPois    .         Spirit   +   (helmet restricted)
rElec    .         Reflect  .   (no cloak)
rCorr    .         Harm     .   (no gloves)
MR       .....                  (no boots)
Stlth    ..........             k - amulet of guardian spirit
HPRegen  0.15/turn              (no ring)
MPRegen  0.09/turn              (no ring)

@: no status effects
A: retaliatory headbutt, horns 2
a: no special abilities


You were on level 3 of the Dungeon.
You were not hungry.

You visited 1 branch of the dungeon, and saw 3 of its levels.

You collected 116 gold pieces.

Inventory:

Hand Weapons
 a - a +0 war axe (weapon)
Armour
 c - a +0 shield (worn)
 l - a +0 chain mail (worn)
Jewellery
 k - an amulet of guardian spirit (around neck)
Scrolls
 b - a scroll of fog {unknown}
 e - 4 scrolls of identify {unknown}
 h - a scroll of magic mapping {unknown}
 o - 2 scrolls of remove curse {unknown}
Potions
 d - a potion of might
 g - a potion of lignification {unknown}
 i - a potion of degeneration {unknown}
 j - a potion of curing {unknown}
 n - a potion of mutation {unknown}
Comestibles
 f - 3 rations
 m - 3 chunks of flesh


   Skills:
 + Level 4.4 Fighting
 + Level 4.5 Axes
 + Level 4.4 Armour
 + Level 0.3 Dodging
 + Level 4.5 Shields


You had 4 spell levels left.
You didn't know any spells.
Your spell library was empty.

Dungeon Overview and Level Annotations

Branches:
Dungeon (3/15)

Altars:

Annotations:
D:3 1 transporter, EtherCrawl's ghost, amateur TrWr


Innate Abilities, Weirdness & Mutations

You reflexively headbutt those who attack you in melee.
You have a pair of horns on your head.


Message History

You block the quasit's attack. The quasit barely misses you.
EtherCrawl's ghost hits you but does no damage.
The quasit barely misses you. You furiously retaliate!
You headbutt the quasit!
You kill the quasit!
You feel your dexterity returning.
You have reached level 5!
Press: ? - help, v - describe, . - travel, g - get item
Here: EtherCrawl's ghost (heavily damaged)
A ring of dexterity.
The floor.
EtherCrawl's ghost is nearby!
You barely miss EtherCrawl's ghost.
EtherCrawl's ghost is heavily damaged.
You block EtherCrawl's ghost's attack. EtherCrawl's ghost hits you!
* * * LOW HITPOINT WARNING * * *
You completely miss EtherCrawl's ghost.
EtherCrawl's ghost is heavily damaged.
EtherCrawl's ghost hits you but does no damage.
EtherCrawl's ghost hits you!
You die...

#. .... ... ## ##
.# #####..###.##..
#....#......##.
##...#...#... #.
#.[....#..##[.#.##
.##..©..#..©#..#
#.....#.@...#.##.#
##.##..W###....#.#
#.....)$.. ..##.#
##..##### ###..#
..####.©.####...##
#.............###
##.###..#######
#.## #.#


You could see EtherCrawl's ghost.

Vanquished Creatures
  2 quasits (D:3)
  4 adders (D:2)
  An ooze (D:2)
  2 dart slugs (D:1)
  2 worms
  A leopard gecko (D:2)
  2 bats (D:1)
  3 giant cockroaches
  7 goblins
  8 hobgoblins
  3 jackals (D:1)
  3 kobolds
  A frilled lizard (D:1)
  3 rats (D:2)
42 creatures vanquished.

Notes
Turn   | Place    | Note
-------+----------+-------------------------------------------
     0 | D:1      | Exodus22XD the Minotaur Fighter began the quest for the
                  | Orb.
     0 | D:1      | Reached XP level 1. HP: 19/19 MP: 0/0
   248 | D:1      | Reached XP level 2. HP: 26/27 MP: 1/1
   496 | D:2      | Reached XP level 3. HP: 28/33 MP: 2/2
   715 | D:2      | Reached XP level 4. HP: 39/40 MP: 3/3
   949 | D:3      | Found a faded altar of an unknown god.
  1034 | D:3      | Found a transporter.
  1035 | D:3      | Noticed EtherCrawl's ghost (amateur TrWr)
  1049 | D:3      | Found a transporter.
  1075 | D:3      | Reached XP level 5. HP: 19/47 MP: 0/4
  1078 | D:3      | Slain by EtherCrawl's ghost

Skill      XL: |  1  2  3  4 |
---------------+-------------+-----
Fighting       | 4 |  4.4
Axes           | 3 4 |  4.5
Armour         | 4 |  4.4
Shields        | 4 |  4.5
Dodging        | |  0.3

Action                   |  1- 3 |  4- 6 || total
-------------------------+-------+-------++-------
Melee: War axe           |    58 |    55 ||   113
       Headbutt          |     9 |     9 ||    18
  Eat: Chunk             |       |     1 ||     1
Armor: Scale mail        |    21 |       ||    21
       Chain mail        |    11 |    70 ||    81
Dodge: Dodged            |    18 |    17 ||    35
Block: Shield            |    41 |    45 ||    86
